 Dungeon Crawl Stone Soup version 0.25-a0-502-g6516661a7a (webtiles) character file.

Game seed: 15162635993485228448, levelgen mode: deterministic

518 kae the Insei (level 7, -1/55 HPs)
             Began as a Demonspawn Gladiator on Feb 12, 2020.
             Killed by divine providence
             ... invoked by an orc priest
              (14 damage)
             ... on level 3 of the Dungeon.
             The game lasted 00:04:41 (3826 turns).

kae the Insei (Demonspawn Gladiator)                Turns: 3826, Time: 00:04:42

Health: -1/55      AC: 15    Str: 14    XL:     7   Next: 1%
Magic:  16/16      EV:  4    Int: 10    God:
Gold:   183        SH:  0    Dex: 16    Spells: 6/6 levels left

rFire    . . .     SeeInvis .     - Unarmed
rCold    . . .     Gourm    .   (no shield)
rNeg     . . .     Faith    .   n - +0 plate armour (curse)
rPois    .         Spirit   .   (helmet restricted)
rElec    .         Reflect  .   v - +1 cloak
rCorr    .         Harm     .   g - +0 pair of gloves
MR       .....                  (no boots)
Stlth    ..........             r - amulet of inaccuracy (curse)
HPRegen  0.18/turn              e - ring of magical power
MPRegen  0.15/turn              (no ring)

@: no status effects
A: horns 1, molten scales 1, spiny 1
a: no special abilities


You were on level 3 of the Dungeon.
You were hungry.

You visited 1 branch of the dungeon, and saw 3 of its levels.

You collected 183 gold pieces.

Inventory:

Hand Weapons
 q - a +0 spear
Missiles
 c - 3 throwing nets (quivered)
Armour
 a - a +0 leather armour
 b - a +0 helmet
 g - a +0 pair of gloves (worn)
 n - a cursed +0 plate armour (worn)
 v - a +1 cloak (worn)
Jewellery
 e - a ring of magical power (left hand)
 f - an uncursed ring of protection from fire
 r - a cursed amulet of inaccuracy (around neck)
Scrolls
 i - 2 scrolls of enchant armour
 j - 3 scrolls of identify
 k - 2 scrolls of random uselessness
 t - a scroll of noise
Potions
 h - a potion of brilliance
 m - a potion of cancellation
 o - a potion of lignification
 p - 3 potions of heal wounds
 s - a potion of curing
Comestibles
 d - 4 rations
 l - 2 chunks of flesh


   Skills:
 + Level 4.5 Fighting
 - Level 1.7 Throwing
 - Level 2.6 Dodging
 * Level 6.2 Unarmed Combat


You had 6 spell levels left.
You didn't know any spells.
Your spell library contained the following spells:

 Spells                   Type           Power        Failure   Level  Hunger
 Confusing Touch          Hex            #.......     100%        3    ####...
 Gell's Gravitas          Tloc           #.........   100%        3    ####...
 Petrify                  Tmut/Erth      #.......     100%        4    #####..
 Metabolic Englaciation   Hex/Ice        #.........   100%        5    ######.
 Yara's Violent Unravell  Hex/Tmut       #.........   100%        5    ######.


Dungeon Overview and Level Annotations

Branches:
Dungeon (3/15)

Altars:
Elyvilon


Innate Abilities, Weirdness & Mutations

You have a pair of small horns on your head.
You are partially covered in molten scales. (AC +2)
You are partially covered in sharp spines.


Message History

The orc wizard blinks!
The orc priest hits you but does no damage.
You feel less wooden.
Your +1 cloak unmelds from your body.
Your +0 pair of gloves unmelds from your body.
Your cursed +0 plate armour unmelds from your body.
The orc priest hits you but does no damage.
The orc priest hits you from afar with a +0 trident.
Okay, then.
The orc hits you but does no damage.
The orc priest is struck by your spines.
The orc priest hits you with a +0 trident.
* * * LOW HITPOINT WARNING * * *
Items here: ) [[ ††† You hit the orc priest.
The orc priest is almost dead.
The orc hits you but does no damage.
The orc priest calls down the wrath of Beogh upon you.
Beogh smites you!
You die...

....# *,,,,,,,,,,,,* #..... ÷...#
#...........,****** #.....
....###..........,,,,,,,# #.....
.....##.........^,,,,,,.####.....
.<...##.........,,,,,,.....(.....
<...........o..#*,.(.............
...............#**...............
.............†.####..............
............).oo@................
.....#.......#.####..............
.....#.....o.#.## #.....##.......
.....#.......#..###.....#........
.....#.......#...##.####.........
.....#.......#........##.........
###..#.o.....#....>..............
##)#.......#.............†.....
##%#*,,,,,*#..#.##.###.........


You could see an orc priest, an orc wizard and an orc.

Vanquished Creatures
  A hippogriff (D:3)
  4 orc wizards (D:3)
  4 adders
  7 gnolls
  7 worms
  A dart slug (D:1)
  15 orcs (D:3)
  4 giant cockroaches
  11 goblins
  11 hobgoblins
  8 jackals
  5 kobolds
  2 quokkas
  A ball python (D:3)
  8 bats
  3 frilled lizards (D:3)
  6 rats
98 creatures vanquished.

Notes
Turn   | Place    | Note
-------+----------+-------------------------------------------
     0 | D:1      | kae the Demonspawn Gladiator began the quest for the Orb.
     0 | D:1      | Reached XP level 1. HP: 16/16 MP: 1/1
   531 | D:1      | Reached skill level 3 in Unarmed Combat
   581 | D:1      | Gained mutation: You have a pair of small horns on your
                  | head. [demonic ancestry]
   581 | D:1      | Reached XP level 2. HP: 21/22 MP: 2/2
   901 | D:2      | Found a white marble altar of Elyvilon.
  1032 | D:1      | Reached XP level 3. HP: 16/28 MP: 3/3
  1522 | D:2      | Reached skill level 4 in Unarmed Combat
  1574 | D:2      | Reached XP level 4. HP: 29/34 MP: 4/4
  2790 | D:3      | Gained mutation: You are partially covered in sharp spines.
                  | [demonic ancestry]
  2790 | D:3      | Reached XP level 5. HP: 14/41 MP: 5/5
  3188 | D:3      | Reached skill level 5 in Unarmed Combat
  3516 | D:3      | Reached XP level 6. HP: 41/48 MP: 6/6
  3633 | D:3      | Found a faded altar of an unknown god.
  3777 | D:3      | Noticed a hippogriff
  3802 | D:3      | Killed a hippogriff
  3802 | D:3      | Reached skill level 6 in Unarmed Combat
  3802 | D:3      | Gained mutation: You are partially covered in molten
                  | scales. (AC +2) [demonic ancestry]
  3802 | D:3      | Reached XP level 7. HP: 27/55 MP: 7/7
  3826 | D:3      | Killed from afar by an orc priest

Levels and vault maps discovered:
D:1:      lemuel_arrival_behind_the_door_large, layout_basic,
          chequers_decorated_corner, minmay_misc_feat_enclosed
D:2:      layout_loops_corners, lemuel_crystal_altar, minivault_25
D:3:      cheibrodos_pilgrimage, layout_rooms, chequers_ecumenical_altar_island

Skill      XL: |  1  2  3  4  5  6 |
---------------+-------------------+-----
Unarmed Combat | 3 4 5 6 |  6.2
Fighting       | 3 4 |  4.5
Throwing       | |  1.7
Dodging        | |  2.6

Action                   |  1- 3 |  4- 6 |  7- 9 || total
-------------------------+-------+-------+-------++-------
Melee: Unarmed           |   144 |   247 |     8 ||   399
       Punch             |     1 |     3 |       ||     4
       Headbutt          |    24 |    36 |       ||    60
  Use: Scroll            |       |     5 |     3 ||     8
       Potion            |       |     7 |       ||     7
  Eat: Chunk             |     2 |     7 |       ||     9
Armor: Leather armour    |    19 |       |       ||    19
       Plate armour      |    51 |   187 |     3 ||   241
       Skin              |       |    15 |    13 ||    28
Dodge: Dodged            |    59 |    44 |       ||   103

Table legend:
 A = Non-vault XP
 B = Vault XP
 C = Vault XP percentage of total XP
 D = Non-vault monster count
 E = Vault monster count
 F = Vault count percentage of total count
                 A         B        C        D         E       F
            +---------+---------+-------+---------+---------+-------
      Total |     700 |      41 |   5.5 |      95 |       3 |   3.1
            +---------+---------+-------+---------+---------+-------
        D:1 |      36 |       0 |   0.0 |      14 |       0 |   0.0
        D:2 |     129 |       0 |   0.0 |      33 |       0 |   0.0
        D:3 |     535 |      41 |   7.1 |      48 |       3 |   5.9
            +---------+---------+-------+---------+---------+-------
